Map: Bel'Shir Vestige LE (Void)

Players

Nerchio - Winner!

  • Race: Zerg Zerg
  • Spawn Location: 11:00

BLY

  • Race: Zerg Zerg
  • Spawn Location: 5:00

Event: WCS Austin 2017

VOD

Have the link to the VOD?

Description

Time

  • Played on: April 28, 2017, 8:04 p.m.
  • Length: 15:45

All games in this series

Show
View Real Time Build Order
Export as new Build Order

Nerchio Zerg - Winner!

Build Orders: Pool First 

Get SALT Encoding   

  12  0:00  Drone  
  13  0:12  Overlord  
  13  0:17  Drone  
  14  0:30  Drone  
  14  0:31  Drone  
  14  0:34  Drone  
  17  0:44  Spawning Pool  
  17  0:47  Drone  
  17  0:56  Drone  
  18  0:57  Extractor  
  17  1:07  Drone  
  18  1:17  Hatchery  
  17  1:30  Queen  
  17  1:31  Zergling x2  
  20  1:38  Overlord  
  20  1:42  Drone  
  21  1:58  Zergling x2  
  22  2:01  Drone  
  22  2:06  Baneling Nest  
  24  2:13  Zergling x2  
  26  2:22  Zergling x2  
  27  2:30  Metabolic Boost  
  25  2:40  Hatchery  
  25  2:41  Drone  
  25  2:43  Drone  
  26  2:47  Drone  
  26  2:50  Drone  
  26  2:55  Drone  
  27  3:02  Zergling x2  
  28  3:13  Zergling x2  
  29  3:22  Hatchery  
  29  3:25  Overlord  
  28  3:33  Queen  
  29  3:44  Drone x2  
  29  3:45  Drone  
  32  3:52  Drone  
  32  3:53  Drone  
  34  3:56  Drone x2  
  34  3:58  Drone  
  37  4:03  Drone  
  37  4:04  Drone  
  38  4:14  Drone, Evolution Chamber  
  38  4:15  Drone  
  38  4:25  Drone  
  38  4:26  Drone, Lair, Roach Warren  
  39  4:34  Drone  
  39  4:35  Drone  
  39  4:36  Drone  
  42  4:39  Drone, Extractor  
  42  4:40  Drone x2  
  44  4:50  Overlord  
  44  4:51  Drone x2  
  44  4:52  Zerg Missile Weapons Level 1  
  46  4:55  Drone  
  46  4:56  Drone  
  46  4:57  Overlord  
  46  4:58  Extractor  
  47  5:01  Drone x2  
  49  5:09  Roach  
  49  5:10  Roach x2  
  49  5:13  Overlord  
  54  5:15  Roach  
  54  5:18  Roach  
  54  5:20  Zergling x4  
  60  5:26  Overlord  
  60  5:27  Overlord  
  60  5:31  Glial Reconstitution  
  60  5:36  Roach  
  60  5:38  Zergling x8  
  60  5:40  Roach  
  68  5:45  Roach x2  
  68  5:48  Queen  
  74  5:54  Roach  
  74  5:55  Roach  
  78  6:03  Roach x2  
  78  6:04  Roach x2  
  86  6:06  Roach  
  86  6:08  Overlord  
  86  6:11  Roach  
  88  6:13  Roach  
  88  6:15  Overlord  
  90  6:18  Overlord  
  90  6:24  Overlord  
  90  6:27  Roach x2  
  90  6:28  Roach  
  90  6:31  Roach  
  98  6:39  Roach x3  
  104  6:42  Roach x2  
  104  6:46  Roach x2  
  111  6:51  Roach  
  111  6:52  Roach, Zergling x2  
  116  7:00  Roach x2  
  116  7:01  Roach  
  119  7:03  Overlord  
  119  7:07  Overlord  
  119  7:14  Extractor  
  118  7:17  Drone x3  
  118  7:18  Zerg Missile Weapons Level 2  
  118  7:20  Overlord  
  121  7:29  Drone x5  
  126  7:31  Drone  
  126  7:35  Drone x2  
  129  7:37  Drone  
  129  7:38  Drone  
  129  7:40  Drone  
  129  7:42  Extractor  
  130  7:44  Overseer  
  130  7:46  Drone x2  
  130  7:50  Infestation Pit  
  131  7:53  Drone x3  
  131  7:57  Extractor  
  133  8:00  Roach x2  
  133  8:01  Roach  
  133  8:05  Overlord  
  139  8:11  Drone, Roach  
  139  8:12  Roach  
  144  8:14  Overlord  
  144  8:15  Overlord  
  144  8:16  Overseer  
  144  8:20  Overlord  
  144  8:25  Roach x3  
  152  8:27  Roach  
  152  8:31  Overlord  
  152  8:33  Infestor  
  154  8:34  Infestor  
  154  8:38  Ravager  
  154  8:39  Ravager x2  
  154  8:40  Roach  
  161  8:42  Roach  
  161  8:43  Roach  
  165  8:49  Overseer  
  165  8:50  Roach x2  
  165  8:51  Roach  
  165  8:53  Roach  
  173  8:56  Roach x2  
  173  8:57  Roach  
  173  8:59  Roach  
  181  9:09  Roach x2  
  185  9:15  Overlord  
  185  9:16  Overlord  
  185  9:18  Overlord  
  185  9:20  Pneumatized Carapace  
  185  9:21  Overlord x2, Unknown  
  181  9:31  Overlord x2  
  180  9:37  Zerg Ground Armor Level 1  
  180  9:39  Roach x6  
  180  9:41  Overseer  
  192  9:55  Ravager x5  
  197  10:03  Spine Crawler  
  197  10:04  Drone x3  
  199  10:12  Unknown  
  199  10:15  Burrow  
  199  10:17  Hatchery  
  198  10:30  Hydralisk Den  
  197  10:36  Overseer  
  197  10:47  Infestor  
  199  10:51  Hive  
  197  11:11  Muscular Augments  
  197  11:15  Spore Crawler  
  197  11:18  Unknown, Hydralisk x2  
  198  11:20  Spore Crawler  
  198  11:22  Spore Crawler  
  198  11:24  Hydralisk  
  200  11:26  Overlord  
  200  11:32  Spore Crawler  
  199  11:42  Drone  
  199  11:45  Extractor  
  199  12:05  Spine Crawler  
  199  12:07  Zerg Missile Weapons Level 3, Spine Crawler  
  197  12:09  Drone x3, Spine Crawler  
  197  12:10  Drone  
  200  12:28  Infestor  
  200  12:33  Spine Crawler  
  200  12:34  Spine Crawler  
  200  12:35  Hydralisk x2  
  200  13:14  Unknown x2  
  200  13:15  Unknown  
  200  13:22  Spine Crawler  
  200  13:23  Spine Crawler  
  198  13:28  Roach  
  200  13:35  Unknown  
  200  13:50  Unknown  
  200  13:57  Spine Crawler  
  200  13:58  Spine Crawler  
  198  14:04  Hydralisk  
  156  14:44  Hydralisk x5  
  140  14:45  Roach  
  140  14:46  Roach x6  
  140  14:47  Roach x6  
  140  14:48  Roach  
  140  14:49  Roach x11  
  140  14:50  Roach x3  
  140  14:52  Viper x3  
  173  14:54  Overlord x2  
  173  14:55  Overseer  
  173  14:57  Overlord x2  
  179  15:00  Roach x19, Hydralisk x2  
  179  15:04  Overlord x2  
  183  15:17  Hydralisk x8  
  199  15:21  Overseer  
  199  15:24  Unknown x4  
Show
View Real Time Build Order
Export as new Build Order

BLY Zerg 

Build Orders: Pool First 

Get SALT Encoding   

  12  0:18  Spawning Pool  
  11  0:22  Drone  
  11  0:26  Drone  
  13  0:30  Drone  
  14  0:39  Overlord  
  14  1:05  Zergling x6  
  17  1:16  Zergling x2  
  18  1:20  Hatchery  
  17  1:27  Zergling x2  
  18  1:32  Queen  
  18  1:39  Zergling x2  
  21  1:53  Overlord  
  21  2:00  Drone  
  22  2:11  Queen  
  22  2:12  Drone  
  25  2:20  Drone  
  25  2:31  Drone  
  25  2:34  Drone  
  25  2:35  Queen  
  27  2:42  Drone  
  27  2:43  Drone x2  
  28  2:55  Drone x3  
  28  2:58  Extractor  
  30  3:01  Drone, Extractor  
  30  3:10  Drone x2  
  32  3:16  Overlord  
  32  3:21  Drone  
  33  3:30  Drone x3  
  36  3:36  Overlord  
  36  3:39  Drone  
  36  3:40  Drone  
  38  3:43  Drone x3  
  41  3:48  Evolution Chamber  
  41  3:54  Overlord  
  41  3:55  Lair, Drone  
  40  3:59  Roach Warren  
  39  4:06  Drone  
  39  4:07  Drone  
  39  4:09  Drone x2  
  41  4:17  Drone  
  42  4:22  Overlord  
  42  4:26  Drone x2, Zerg Missile Weapons Level 1  
  44  4:31  Overlord  
  44  4:46  Overlord  
  44  4:53  Glial Reconstitution  
  44  4:54  Overlord  
  44  4:56  Drone x2  
  44  4:58  Extractor  
  45  5:06  Drone x4, Hatchery  
  48  5:07  Overlord  
  48  5:16  Roach  
  48  5:17  Roach x3  
  48  5:21  Roach x2  
  60  5:27  Roach x3  
  66  5:35  Roach x2  
  70  5:38  Roach x2  
  74  5:44  Roach  
  74  5:45  Roach x2  
  74  5:47  Overlord  
  80  5:54  Roach x3  
  80  5:56  Roach  
  88  6:12  Roach x3  
  88  6:13  Roach x3  
  88  6:18  Extractor  
  99  6:26  Drone x3  
  99  6:27  Zerg Missile Weapons Level 2  
  99  6:28  Overlord  
  100  6:44  Ravager  
  100  6:45  Drone x6  
  107  6:48  Overlord  
  107  6:50  Roach x2  
  107  6:51  Roach  
  107  6:52  Overlord  
  105  7:06  Tunneling Claws  
  106  7:11  Drone  
  106  7:12  Drone x5  
  106  7:13  Extractor  
  106  7:15  Burrow  
  113  7:17  Roach  
  113  7:19  Roach  
  113  7:21  Roach x2  
  118  7:27  Roach  
  118  7:28  Ravager  
  121  7:33  Roach x2  
  121  7:36  Roach x2  
  129  7:46  Roach x4  
  129  7:48  Overlord x3  
  137  7:53  Overlord  
  137  7:55  Overlord  
  137  8:02  Overlord  
  137  8:03  Extractor  
  136  8:09  Drone x6  
  136  8:10  Drone  
  136  8:11  Drone  
  144  8:14  Drone x3  
  147  8:31  Infestation Pit  
  146  8:35  Roach x7  
  146  8:36  Ravager x4, Roach x8  
  146  8:37  Ravager  
  146  8:38  Overlord  
  165  8:51  Hatchery  
  165  8:53  Overseer  
  165  8:54  Roach x2  
  165  8:55  Roach  
  164  8:58  Roach x8  
  168  9:19  Roach x10  
  184  9:31  Infestor  
  184  9:32  Infestor x2  
  188  9:43  Roach x3  
  188  9:44  Overlord  
  194  9:47  Spine Crawler  
  194  9:48  Spore Crawler, Spine Crawler  
  194  9:51  Overseer  
  191  10:01  Infestor  
  191  10:02  Zerg Ground Armor Level 1  
  191  10:04  Overlord  
  193  10:07  Drone  
  194  10:16  Roach x5  
  194  10:24  Drone x3  
  194  10:25  Drone  
  194  10:27  Pneumatized Carapace  
  194  10:28  Infestor, Spore Crawler  
  197  10:29  Infestor, Spine Crawler  
  197  10:32  Spine Crawler  
  199  10:38  Drone  
  199  10:40  Spine Crawler  
  199  10:41  Extractor  
  184  10:43  Extractor  
  184  10:45  Roach  
  184  10:46  Roach x3  
  181  10:52  Ravager x3  
  181  10:53  Ravager  
  181  10:55  Roach x7  
  199  10:58  Spine Crawler  
  199  11:08  Drone  
  200  11:13  Roach  
  198  11:28  Hatchery  
  197  11:38  Overlord x2  
  197  11:40  Hive  
  197  11:41  Spire  
  194  11:49  Roach x2  
  194  11:50  Roach x6  
  188  12:08  Hydralisk Den  
  173  12:41  Drone  
  173  12:42  Drone x2  
  176  12:48  Muscular Augments, Hydralisk  
  176  12:49  Hydralisk x9  
  196  12:53  Greater Spire  
  196  12:54  Drone x4  
  196  12:58  Spine Crawler  
  199  13:06  Overseer  
  199  13:08  Overseer  
  199  13:09  Roach  
  199  13:29  Extractor  
  199  13:30  Extractor  
  195  13:35  Spine Crawler  
  195  13:39  Overseer x4  
  194  13:51  Roach  
  194  13:53  Corruptor x3  
  200  14:03  Overlord  
  200  14:05  Roach  
  200  14:06  Evolution Chamber  
  199  14:20  Spine Crawler  
  199  14:21  Spine Crawler  
  199  14:22  Spine Crawler  
  196  14:25  Spore Crawler  
  143  14:38  Hydralisk  
  143  14:39  Hydralisk x18  
  149  14:52  Hydralisk x4  
  119  14:53  Hydralisk x8  
  119  14:57  Roach Warren  
  136  15:03  Hydralisk x7  
  150  15:10  Drone x3  
  153  15:18  Hydralisk x18  
  151  15:23  Roach x2  
Tags
 
Add a new tag
Caveats
  • Supply blocks, unpowered buildings, or Contaminate may cause inaccurate times.
  • Supply counts are checked every 10 seconds.